 Dungeon Crawl Stone Soup version 0.19-a0-1225-gf887c1c (webtiles) character file.

0 glosham the Skirmisher (level 1, -14/18 HPs)
             Began as a Merfolk Abyssal Knight on Aug 25, 2016.
             Was a Follower of Lugonu.
             Demolished by a sun demon (15 damage)
             ... on level 2 of the Abyss.
             The game lasted 00:05:03 (216 turns).

glosham the Skirmisher (Merfolk Abyssal Knight)      Turns: 216, Time: 00:05:03

Health: -14/18     AC:  4    Str: 12    XL:     1   Next: 0%
Magic:  2/2        EV: 12    Int: 11    God:    Lugonu [*.....]
Gold:   63         SH:  0    Dex: 13    Spells: 0 memorised, 0 levels left

rFire  . . .     SeeInvis .     a - +1 glaive (venom)
rCold  . . .     Gourm    .     e - +1 leather armour
rNeg   . . .     Faith    .     (shield currently unavailable)
rPois  .         Spirit   .     (no helmet)
rElec  .         Dismiss  .     (no cloak)
rCorr  .         Reflect  .     (no gloves)
MR     .....     Harm     .     (no boots)
Stlth  +.........               (no amulet)
                                (no ring)
                                (no ring)

@: no status effects
A: change form in water, swift swim
a: Depart the Abyss, Renounce Religion


You were on level 2 of the Abyss.
You worshipped Lugonu.
Lugonu was aware of your devotion.
You were not hungry.

You visited 0 branches of the dungeon, and saw 0 of its levels.
You visited the Abyss 1 time.

You collected 63 gold pieces.

Inventory:

Hand Weapons
 a - a +1 glaive of venom (weapon)
 b - a +1 spear
Armour
 e - a +1 leather armour (worn)
Wands
 d - a wand of iceblast (0/15)
Comestibles
 c - a bread ration


   Skills:
 - Level 3.2 Fighting
 * Level 3.0 Polearms
 - Level 0.6 Armour
 - Level 2.6 Dodging
 - Level 2.0 Invocations


You couldn't memorise any spells.
You didn't know any spells.

Dungeon Overview and Level Annotations

Branches:
Dungeon (0/15)

Altars:


Message History

Found a gateway leading out of the Abyss.
A sun demon comes into view.
Evoke which item? (* to show all) (? for menu, Esc to quit)
Zapping:
d - a wand of iceblast (will waste charges)
Press: ? - help, Shift-Dir - straight line, f - sun demon
Aim: a sun demon (hasn't noticed you)
The mass of ice explodes!
The iceblast engulfs the sun demon.
The sun demon is frozen!
The sun demon is moderately wounded.
The sun demon shouts!
Evoking this partially-identified wand wasted a few charges.
The sun demon moves out of view.
A black bear comes into view.
Evoke which item? (* to show all) (? for menu, Esc to quit)
Zapping:
d - a wand of iceblast {zapped: 3} (will waste charges)
Press: ? - help, Shift-Dir - straight line, f/p - sun demon
Aim: a sun demon (moderately wounded)
The mass of ice explodes!
The iceblast engulfs the sun demon.
The sun demon is frozen!
The sun demon is heavily wounded.
Evoking this partially-identified wand wasted a few charges.
The black bear growls angrily.
Evoke which item? (* to show all) (? for menu, Esc to quit)
Zapping:
d - a wand of iceblast {zapped: 6} (will waste charges)
Press: ? - help, Shift-Dir - straight line, f/p - sun demon
Aim: a sun demon (heavily wounded)
The mass of ice explodes!
The iceblast engulfs the sun demon.
The sun demon is frozen!
The sun demon is severely wounded.
Evoking this partially-identified wand wasted a few charges.
Evoke which item? (* to show all) (? for menu, Esc to quit)
Zapping:
d - a wand of iceblast {zapped: 8} (will waste charges)
Press: ? - help, Shift-Dir - straight line, f/p - sun demon
Aim: a sun demon (severely wounded) Nothing appears to happen.
The sun demon hits you!
Ouch! That really hurt!
* * * LOW HITPOINT WARNING * * *
You are engulfed in flames!
Ouch! That really hurt!
You die...

.#≈.# ##.≈≈.
....≈.###
.h≈≈..# #.≈≈..
##
.##.#≈..###...#
#....≈3#.....#
#.@# .. #.### .
#...# ### ..
....#.##.# # X.
#.#.#.#....## #
###.. #......
..#.# #.......
.#.....#..##.#
#.##...# #...##
..#.## #.....X#
..## ... ... #
...###


You could see a sun demon and a black bear.

Vanquished Creatures (others)
  A lurking horror (Abyss:2)
1 creature vanquished.

Notes
Turn   | Place    | Note
-------+----------+-------------------------------------------
     0 | Abyss:1  | glosham the Merfolk Abyssal Knight began the quest for the Orb.
     0 | Abyss:1  | Reached XP level 1. HP: 18/18 MP: 2/2
   118 | Abyss:2  | Noticed a large abomination
   157 | Abyss:2  | Noticed a fire giant skeleton
   157 | Abyss:2  | Noticed a necromancer
   158 | Abyss:2  | Noticed a raiju
   158 | Abyss:2  | Noticed an eight-headed hydra skeleton
   175 | Abyss:2  | Identified a scroll of acquirement
   197 | Abyss:2  | Noticed a large abomination
   197 | Abyss:2  | Noticed a large abomination
   201 | Abyss:2  | Noticed a neqoxec
   212 | Abyss:2  | Noticed a sun demon
   214 | Abyss:2  | Noticed a black bear
   216 | Abyss:2  | HP: 1/18 [sun demon (13)]
   216 | Abyss:2  | Demolished by a sun demon

Vault maps used:
Abyss:1:  minivault_25_ag
Abyss:2:  hangedman_abyss_mock_shop

Action                   || total
-------------------------++-------
Evoke: Wand              ||     3
  Use: Scroll            ||     3
Dodge: Dodged            ||     1

Table legend:
 A = Turns spent in this place as a percentage of turns spent in the entire game.
 B = Non-inter-level travel turns spent in this place as a percentage of non-inter-level travel turns spent in the entire game.
 C = Inter-level travel turns spent in this place as a percentage of turns spent in this place.
 D = Turns resting spent in this place as a percentage of non-inter-level travel turns spent in this place.
 E = Turns spent auto-exploring this place as a percentage of non-inter-level travel turns spent in this place.
 F = Non-inter-level travel turns spent in this place divided by the number of levels of this place that you've seen.
                   A       B       C       D       E      F
               +-------+-------+-------+-------+-------+----------------------
         Total | 100.0 | 100.0 |   0.0 |   0.0 |   0.0 | 114.5
         Abyss | 100.0 | 100.0 |   0.0 |   0.0 |   0.0 | 114.5
               +-------+-------+-------+-------+-------+----------------------

Vault maps used:
Abyss:1:  minivault_25_ag
Abyss:2:  hangedman_abyss_mock_shop
